 Dungeon Crawl Stone Soup version 0.31-a0-187-gba352fbbf7 (webtiles) character file.

Game seed: 8448924417768824766

20 qw the Shooter (level 2, -4/16 HPs)
             Began as a Deep Elf Hunter on June 22, 2023.
             Slain by a worm (7 damage)
             ... on level 1 of the Dungeon.
             The game lasted 00:00:12 (760 turns).

qw the Shooter (Deep Elf Hunter)                     Turns: 760, Time: 00:00:12

Health: -4/16      AC:  6    Str:  8    XL:     2   Next: 58%
Magic:  4/4        EV:  8    Int: 13    God:
Gold:   52         SH:  0    Dex: 18    Spells: 1/1 levels left

rFire   . . .        Y - +0 shortbow
rCold   . . .        (shield currently unavailable)
rNeg    . . .        d - +0 scale mail
rPois   .            (no helmet)
rElec   .            (no cloak)
rCorr   .            (no gloves)
SInv    .            (no boots)
Will    .....        (no amulet)
Stlth   +            (no ring)
HPRegen 0.22/turn    (no ring)
MPRegen 0.09/turn

%: no passive effects
@: no status effects
A: no striking features
a: no special abilities


You were on level 1 of the Dungeon.
You visited 1 branch of the dungeon, and saw 2 of its levels.

You collected 52 gold pieces.


   Skills:
 - Level 1.5 Fighting
 + Level 6.3 Ranged Weapons
 - Level 2.4 Dodging
 - Level 1.2 Stealth


You had one spell level left.
You didn't know any spells.
Your spell library was empty.

Inventory:

Hand Weapons
 Y - a +0 shortbow (weapon)
Armour
 d - a +0 scale mail (worn)

Dungeon Overview and Level Annotations

Branches:
Dungeon (2/15)

Altars:


Message History

There is a stone staircase leading down here.
You shoot an arrow.
The arrow closely misses the frilled lizard.
The frilled lizard bites you.
You shoot an arrow.
The arrow closely misses the frilled lizard.
The frilled lizard bites you but does no damage.
You shoot an arrow. The arrow misses the frilled lizard.
The frilled lizard bites you but does no damage. x2
You shoot an arrow. The arrow hits the frilled lizard.
You kill the frilled lizard!
You start resting.
HP restored.
Partly explored, can't reach some places.
(D) Dungeon
Where to? (* - list waypoints, Enter - D:2, ? - help)
What level of the Dungeon? (default 1, ? - help)
You climb downwards.
The worm barely misses you.
There is a stone staircase leading up here.
A worm is nearby!
You shoot an arrow. The arrow hits the worm.
The worm is lightly wounded.
The worm bites you but does no damage.
You shoot an arrow.
The arrow hits the worm but does no damage.
The worm bites you.
756 ||| STAIRDANCE You climb upwards.
There is a stone staircase leading down here.
You shoot an arrow.
The arrow hits the worm but does no damage.
The worm bites you but does no damage.
You shoot an arrow. The arrow hits the worm!
The worm is moderately wounded.
The worm bites you!
Ouch! That really hurt!
You shoot an arrow. The arrow hits the worm!
The worm is severely wounded.
The worm bites you!
You die...

#.# #..# #.#
#..# #.# #..#
#.# #..# #.#
#..# #.# #..#
##### #.#
#..#########
....# #.#
#.w........#
###.# #.#
#@########.# #.#
#.# #...# #.#
#.# #.# ###.#
#.# #.# #.# #.#
#.# #.# #.# #.#
#.#
##.#####.#####
#.# #.#
#....%.......#
#.# ##.#######
##..#####.###.#
#.#####.........
..........# #.#
#.......(.......


You could see a worm.

Vanquished Creatures
  2 ball pythons (D:1)
  2 endoplasms (D:1)
  2 giant cockroaches (D:1)
  A goblin (D:1)
  2 kobolds
  3 bats (D:1)
  3 frilled lizards (D:1)
  5 rats
20 creatures vanquished.

Notes
Turn   | Place    | Note
-------+----------+-------------------------------------------
     0 | D:1      | qw the Deep Elf Hunter began the quest for the Orb.
     0 | D:1      | Reached XP level 1. HP: 12/12 MP: 3/3
     0 | D:1      | 0 ||| qw: Version: 0.3-a-9-g12657ce
     0 | D:1      | 0 ||| qw: Game counter: 2424
     0 | D:1      | 0 ||| qw: Always use a shield: true
     0 | D:1      | 0 ||| qw: God list: Okawaru
     0 | D:1      | 0 ||| qw: Allow faded altars: false
     0 | D:1      | 0 ||| qw: Do Orc after D:15 true
     0 | D:1      | 0 ||| qw: Do second Lair branch before Depths: true
     0 | D:1      | 0 ||| qw: Lair rune preference: random
     0 | D:1      | 0 ||| qw: Plans: Normal
     0 | D:1      | 0 ||| PLANNING D:1-11
   336 | D:1      | Reached skill level 6 in Ranged Weapons
   336 | D:1      | Reached XP level 2. HP: 16/16 MP: 4/4
   696 | D:1      | 696 ||| UPGRADING to +0 scale mail.
   706 | D:1      | 706 ||| DROPPING +0 leather armour.
   707 | D:1      | 707 ||| READING scroll labelled FACVIQ CISHRU.
   708 | D:1      | 708 ||| READING scroll labelled JYXZIMUYGA.
   709 | D:1      | 709 ||| DROPPING scroll of butterflies.
   745 | D:2      | 745 ||| STAIRDANCE
   756 | D:2      | 756 ||| STAIRDANCE
   759 | D:1      | HP: 3/16 [worm (8)]
   760 | D:1      | Slain by a worm

Levels and vault maps discovered:
D:1:      kilobyte_arrival_exit_the_forest, layout_loops_ring
D:2:      layout_basic, nicolae_concentric_dashed_squares_mild

Skill      XL: |  1 |
---------------+----+-----
Ranged Weapons | 6 |  6.3
Fighting       | |  1.5
Dodging        | |  2.4
Stealth        | |  1.2

Action                     || total
---------------------------++-------
   Fire: Shortbow          ||    39
    Use: Scroll            ||     2
 Armour: Scale mail        ||     6
         Leather armour    ||     1
  Dodge: Dodged            ||     3

Table legend:
 A = Non-vault XP
 B = Vault XP
 C = Vault XP percentage of total XP
 D = Non-vault monster count
 E = Vault monster count
 F = Vault count percentage of total count
                 A         B        C        D         E       F
            +---------+---------+-------+---------+---------+-------
      Total |      29 |       0 |   0.0 |      20 |       0 |   0.0
            +---------+---------+-------+---------+---------+-------
        D:1 |      25 |       0 |   0.0 |      16 |       0 |   0.0
        D:2 |       4 |       0 |   0.0 |       4 |       0 |   0.0
            +---------+---------+-------+---------+---------+-------
